 Dungeon Crawl Stone Soup version 0.28.0-47-ge53b351184 (webtiles) character file.

Game seed: 10209443913330541347

539 warriortoast the Magician (level 7, -1/36 HPs)
             Began as a Deep Elf Hedge Wizard on May 10, 2022.
             Slain by a hornet (6 damage)
             ... while paralysed by a hornet
             ... on level 3 of the Dungeon.
             The game lasted 00:22:03 (5700 turns).

warriortoast the Magician (Deep Elf Hedge Wizard)   Turns: 5700, Time: 00:22:03

Health: -1/36      AC: 10    Str:  7    XL:     7   Next: 5%
Magic:  14/19      EV:  2    Int: 21    God:
Gold:   157        SH:  0    Dex: 16    Spells: 10/19 levels left

rFire   + . .      SeeInvis .   k - +2 short sword (venom)
rCold   . . .      Faith    .   (no shield)
rNeg    . . .      Spirit   .   j - +5 robe "Duikow" {rF+ Dex+2}
rPois   .          Reflect  .   h - +0 helmet
rElec   .          Harm     .   (no cloak)
rCorr   .          Rampage  .   a - +1 pair of gloves
Will    .....                   (no boots)
Stlth   ++........              (no amulet)
HPRegen 0.12/turn               (no ring)
MPRegen 0.16/turn               (no ring)

@: paralysed, slowed
A: no striking features
a: no special abilities


You were on level 3 of the Dungeon.
You visited 1 branch of the dungeon, and saw 4 of its levels.

You collected 157 gold pieces.

Inventory:

Hand Weapons
 k - a +2 short sword of venom (weapon)
 l - a +2 dagger of venom
Armour
 a - a +1 pair of gloves (worn)
 h - a +0 helmet (worn)
 j - the +5 robe "Duikow" (worn) {rF+ Dex+2}
   (You found it on level 2 of the Dungeon)

   Dex:       It affects your dexterity (+2).
   rF:        It protects you from fire.
 n - a +2 robe of resistance
Wands
 c - a wand of polymorph (14)
Scrolls
 f - a scroll of enchant armour {unknown}
 i - a scroll of acquirement {unknown}
Potions
 b - a potion of brilliance {unknown}
 d - a potion of berserk rage
 e - 2 potions of curing
 g - 4 potions of heal wounds
 m - a potion of haste {unknown}
 o - a potion of ambrosia {unknown}


   Skills:
 - Level 2.4 Dodging
 - Level 2.4 Stealth
 + Level 6.7 Spellcasting
 + Level 4.4 Conjurations
 - Level 2.9 Summonings
 - Level 2.8 Translocations
 + Level 3.2 Fire Magic


You had 10 spell levels left.
You knew the following spells:

 Your Spells              Type           Power      Damage    Failure   Level
a - Magic Dart            Conj           100%       1d8       1%          1
b - Call Imp              Summ           19%        N/A       4%          2
c - Blink                 Tloc           38%        N/A       4%          2
d - Conjure Flame         Conj/Fire      23%        6-21      5%          3
e - Slow                  Hex            28%        N/A       9%          1

Your spell library contained the following spells:

 Spells                   Type           Power      Damage    Failure   Level
 Mephitic Cloud           Conj/Pois/Air  13%        N/A       16%         3
 Iskenderun's Battlesphe  Conj           25%        2d8       38%         5
 Fireball                 Conj/Fire      11%        3d7       45%         5
 Conjure Ball Lightning   Conj/Air       8%         3x3d6     99%         6
 Orb of Destruction       Conj           12%        9d7       100%        7


Dungeon Overview and Level Annotations

Branches:
Dungeon (4/15)
 Temple: D:4-7

Altars:
Ashenzari
Hepliaklqana
Qazlal
The Shining One


Message History

There is a stone staircase leading down here.
Casting: Magic Dart (safe; 1% risk of failure)
Confirm with . or Enter, or press ? or * to list all spells.
You blink.
You feel sick.
You feel sick.
You feel sick. The hornet barely misses you. The hornet closely misses you.
You feel sick.
You feel stable enough to blink again.
You feel sick. The hornet closely misses you.
You feel sick. The hornet closely misses you.
You feel sick.
You are no longer poisoned.
Casting: Blink (safe; 4% risk of failure)
Confirm with . or Enter, or press ? or * to list all spells.
You blink.
The hornet barely misses you.
You feel stable enough to blink again.
Casting: Blink (safe; 4% risk of failure)
Confirm with . or Enter, or press ? or * to list all spells.
You blink.
You feel stable enough to blink again.
The hornet stings you but does no damage.
The hornet stings you!
You feel yourself slow down.
Casting: Blink (safe; 4% risk of failure)
Confirm with . or Enter, or press ? or * to list all spells.
You blink.
The hornet stings you but does no damage.
You feel yourself speed up. The hornet stings you.
You feel yourself slow down.
You feel stable enough to blink again. The hornet closely misses you.
The hornet misses you.
There is a stone staircase leading up here.
You feel yourself speed up. The hornet stings you.
* * * LOW HITPOINT WARNING * * *
You suddenly lose the ability to move!
The hornet stings you.
* * * LOW HITPOINT WARNING * * *
You feel yourself slow down. The hornet stings you.
You die...

........#..#...#.#......## ##..
.........<.###.#....##### ##.
.......#.........))## ##
.........[)........## #####
.......###..###.....# #†..#
.......# #........#(# #...#
.......# #.###.#..#.########...#
.......# #.###.##y.............#
######## #......@.#........#...#
#####..(>.........#...#
######..).....##### #########
#..<.....###### ........##
#.............†
#######..##########........######
##..........#........######
##########................
###........######


You could see a hornet.

Vanquished Creatures
  A black bear (D:3)
  A centaur (D:4)
  A jelly (D:4)
  Jessica (D:3)
  Robin (D:4)
  6 adders
  An adder skeleton (D:4)
  3 dart slugs
  4 orcs (D:4)
  3 bats
  5 endoplasms
  2 giant cockroaches
  18 goblins
  10 hobgoblins
  5 quokkas
  6 ball pythons
  5 frilled lizards
  9 kobolds
  11 rats
93 creatures vanquished.

Vanquished Creatures (collateral kills)
  An ogre (D:3)
  Ijyb (D:3)
  Terence (D:3)
  A goblin (D:3)
  A rat (D:3)
5 creatures vanquished.

Grand Total: 98 creatures vanquished

Notes
Turn   | Place    | Note
-------+----------+-------------------------------------------
     0 | D:1      | warriortoast the Deep Elf Hedge Wizard began the quest for
                  | the Orb.
     0 | D:1      | Reached XP level 1. HP: 10/10 MP: 7/7
   330 | D:1      | Reached XP level 2. HP: 15/15 MP: 7/9
   651 | D:1      | Found a faded altar of an unknown god.
  1150 | D:2      | Learned a level 2 spell: Call Imp
  1153 | D:2      | Learned a level 2 spell: Blink
  1416 | D:2      | Reached XP level 3. HP: 19/19 MP: 8/11
  1501 | D:2      | Identified the +5 robe "Duikow" {rF+ Dex+2}
  1739 | D:2      | Reached skill level 5 in Spellcasting
  2319 | D:3      | Noticed Terence
  2324 | D:3      | Reached XP level 4. HP: 24/24 MP: 7/13
  2337 | D:3      | Killed Terence
  2459 | D:3      | Learned a level 3 spell: Conjure Flame
  2550 | D:3      | Noticed Ijyb
  2614 | D:3      | Killed Ijyb
  2615 | D:3      | Reached XP level 5. HP: 28/28 MP: 9/14
  2761 | D:3      | Noticed Jessica
  2790 | D:3      | Killed Jessica
  2887 | D:3      | Reached skill level 1 in Fire Magic
  3139 | D:3      | Found a broken altar of Ashenzari.
  3139 | D:3      | Found a hazy altar of Hepliaklqana.
  3261 | D:4      | Noticed Robin
  3272 | D:4      | Noticed an ogre
  3281 | D:4      | Noticed a black bear
  3550 | D:4      | Noticed a centaur
  3617 | D:3      | Learned a level 1 spell: Slow
  3761 | D:3      | Killed an ogre
  3762 | D:3      | Reached skill level 6 in Spellcasting
  3762 | D:3      | Reached XP level 6. HP: 18/32 MP: 3/17
  4190 | D:4      | HP: 1/32 [centaur/arrow (9)]
  4871 | D:4      | Reached XP level 7. HP: 36/36 MP: 11/19
  5030 | D:4      | Killed Robin
  5132 | D:4      | Found a stormy altar of Qazlal.
  5134 | D:4      | Noticed a water elemental
  5135 | D:4      | Noticed an air elemental
  5135 | D:4      | Noticed a fire elemental
  5272 | D:4      | Found a glowing golden altar of the Shining One.
  5398 | D:4      | Noticed a hornet
  5699 | D:3      | Paralysed by a hornet for 2 turns
  5700 | D:3      | Slain by a hornet

Illustrated notes

Levels and vault maps discovered:
D:1:      lightli_iron_boxes, layout_loops_cross,
          shapermc_ecumenical_altar_starsandcircs
D:2:      layout_basic
D:3:      layout_rooms, minitemple, uniq_ijyb, uniq_terence, uniq_jessica
D:4:      cheibrodos_quashed, layout_basic, nicolae_qazlal_style_of_elements,
          tso_oasis_becter, kennysheep_potato, uniq_robin

Skill      XL: |  1  2  3  4  5  6 |
---------------+-------------------+-----
Conjurations   | 2 3 4 |  4.4
Summonings     | 2 |  2.9
Translocations | 2 |  2.8
Spellcasting   | 5 6 |  6.7
Fire Magic     | 2 3 |  3.2
Dodging        | |  2.4
Stealth        | |  2.4

Action                   |  1- 3 |  4- 6 |  7- 9 || total
-------------------------+-------+-------+-------++-------
Melee: Dagger            |    17 |       |       ||    17
       Short sword       |       |     8 |     3 ||    11
 Cast: Magic Dart        |   113 |   115 |    25 ||   253
       Call Imp          |       |    12 |     5 ||    17
       Slow              |       |     4 |       ||     4
       Blink             |       |     3 |     9 ||    12
       Conjure Flame     |       |     1 |     2 ||     3
  Use: Scroll            |       |     5 |     1 ||     6
       Potion            |       |     1 |       ||     1
 Stab: Invisible         |       |     1 |       ||     1
Armor: Robe              |    12 |    29 |     8 ||    49
Dodge: Dodged            |    31 |    43 |    15 ||    89
